 Dungeon Crawl Stone Soup version 0.20-a0-739-g6bb112f (webtiles) character file.

246 Gorglomux the Chiller (level 6, 0/49 HPs)
             Began as a Naga Ice Elementalist on Feb 25, 2017.
             Slain by a slave (6 damage)
             ... led by Pikel
             ... on level 3 of the Dungeon.
             The game lasted 00:09:30 (3485 turns).

Gorglomux the Chiller (Naga Ice Elementalist)       Turns: 3485, Time: 00:09:31

Health: 0/49       AC:  4    Str: 10    XL:     6   Next: 11%
Magic:  0/10       EV: 10    Int: 17    God:
Gold:   243        SH:  0    Dex: 12    Spells: 4/11 levels left

rFire    . . .     SeeInvis +   K - +4 dagger (speed)
rCold    . . .     Gourm    .   a - +0 robe
rNeg     . . .     Faith    .   (no shield)
rPois    +         Spirit   .   (no helmet)
rElec    .         Reflect  .   I - +0 cloak
rCorr    .         Harm     .   (no gloves)
MR       .....                  (no barding)
Stlth    ++........             (no amulet)
Regen    0.2/turn               (no ring)
MPRegen  0.2/turn               (no ring)

@: very slow
A: see invisible, deformed body, poison resistance, slowness 2, slow metabolism
1, spit poison 1, AC +2
a: Spit Poison


You were on level 3 of the Dungeon.
You were very hungry.

You visited 1 branch of the dungeon, and saw 4 of its levels.

You collected 243 gold pieces.

Inventory:

Hand Weapons
 K - a +4 dagger of speed (weapon)
Missiles
 R - 89 arrows
 S - 122 stones (quivered)
Armour
 a - a +0 robe (worn)
 I - a +0 cloak (worn)
 J - a cursed +0 buckler
Scrolls
 F - 3 scrolls of amnesia {unknown}
 G - a scroll of recharging {unknown}
 L - a scroll of remove curse {unknown}
 Q - 2 scrolls of identify {unknown}
 U - 2 scrolls of blinking {unknown}
 X - 2 scrolls of fear {unknown}
 Z - a scroll of enchant armour {unknown}
Potions
 d - a potion of invisibility {unknown}
 H - a potion of might {unknown}
 M - a potion of brilliance {unknown}
 N - 2 potions of resistance {unknown}
 O - a potion of curing {unknown}
 P - a potion of cancellation {unknown}
 T - 3 potions of heal wounds {unknown}
Books
 b - a book of Frost

   Spells                             Type                      Level
   a - Freeze                         Ice                          1
   b - Throw Frost                    Conjuration/Ice              2
   c - Ozocubu's Armour               Charms/Ice                   3
   d - Throw Icicle                   Conjuration/Ice              4
   e - Summon Ice Beast               Ice/Summoning                4
Comestibles
 c - a bread ration
 W - 2 royal jellies
 Y - a meat ration


   Skills:
 - Level 1.5 Dodging
 - Level 3.0 Stealth
 - Level 3.2 Spellcasting
 - Level 1.0 Conjurations
 - Level 3.0 Summonings
 + Level 4.9 Ice Magic


You had 4 spell levels left.
You knew the following spells:

 Your Spells              Type           Power        Failure   Level  Hunger
a - Freeze                Ice            ###.         2%          1    None
b - Throw Frost           Conj/Ice       ##....       10%         2    ##.....
c - Summon Ice Beast      Ice/Summ       ###.....     38%         4    ####...


Dungeon Overview and Level Annotations

Branches:
Dungeon (4/15)
 Temple: D:4-7

Altars:
Gozag

Annotations:
D:3 Pikel


Innate Abilities, Weirdness & Mutations

You cannot wear boots.
Your serpentine skin is tough. (AC +2)
You have supernaturally acute eyesight. (SInv)
Armour fits poorly on your strangely shaped body.
Your system is resistant to poisons. (rPois)
You cover ground very slowly.
You have a slow metabolism.
You can spit poison.


Message History

Pikel hits you with a whip of flaming.
* * * LOW HITPOINT WARNING * * *
Pikel burns you.
* * * LOW HITPOINT WARNING * * *
You closely miss Pikel.
Pikel is almost dead.
Unknown command.
Okay, then.
You aren't carrying any items that you can evoke.
You are feeling very hungry.
You closely miss Pikel.
Pikel is almost dead.
The slave barely misses you. Pikel hits you with a whip of flaming.
* * * LOW HITPOINT WARNING * * *
Pikel burns you.
* * * LOW HITPOINT WARNING * * *
You miss Pikel.
Pikel is almost dead.
The slave hits you.
You die...

..........#.##..)####.##
......................#
..........###......######
........<.###.#.........#
####...#####..#..#.######
###.....# ##.#..##.#
........###.....#..#
..............#K#p##
###..........##.@.#######
#.....................#
#................)....#
#..........#..........#
#.....................#
#.........###.........# #
###....#....#.........#
#####...##..#...........#
...........###..........#


You could see Pikel and a slave.

Vanquished Creatures
  An orc priest (D:3)
  A worker ant (D:4)
  11 adders
  3 oozes
  2 dart slugs
  4 orcs (D:3)
  A giant cockroach (D:2)
  15 goblins
  5 hobgoblins
  14 kobolds
  A quokka (D:2)
  3 ball pythons (D:2)
  7 bats
  6 frilled lizards
  8 rats
82 creatures vanquished.

Notes
Turn   | Place    | Note
-------+----------+-------------------------------------------
     0 | D:1      | Gorglomux the Naga Ice Elementalist began the quest for the Orb.
     0 | D:1      | Reached XP level 1. HP: 15/15 MP: 3/3
   320 | D:1      | Reached XP level 2. HP: 16/22 MP: 5/5
   696 | D:1      | Learned a level 2 spell: Throw Frost
   965 | D:1      | Reached skill level 4 in Ice Magic
   983 | D:1      | Reached XP level 3. HP: 6/28 MP: 4/6
  1533 | D:2      | Found an opulent altar of Gozag.
  1803 | D:2      | Reached XP level 4. HP: 35/36 MP: 1/8
  1884 | D:2      | Reached skill level 3 in Spellcasting
  2019 | D:2      | Learned a level 4 spell: Summon Ice Beast
  2135 | D:2      | Reached skill level 1 in Summonings
  2385 | D:3      | Reached XP level 5. HP: 42/42 MP: 9/9
  2568 | D:3      | Reached skill level 3 in Summonings
  3422 | D:4      | Reached XP level 6. HP: 49/49 MP: 7/10
  3462 | D:4      | Noticed Pikel
  3462 | D:4      | Noticed a slave
  3462 | D:4      | Noticed a slave
  3462 | D:4      | Noticed a slave
  3468 | D:4      | Noticed a slave
  3485 | D:3      | Slain by a slave

Vault maps used:
D:1:      minmay_arrival_arboretum_small
D:2:      grunt_gozag_statues
D:3:      kennysheep_the_goblin_king
D:4:      nicolae_qazlal_general_emergency, uniq_pikel, uniq_crazy_yiuf_cottage,
          uniq_grinder

Skill      XL: |  1  2  3  4  5 |
---------------+----------------+-----
Ice Magic      | 4 |  4.9
Spellcasting   | 3 |  3.2
Summonings     | 1 3 |  3.0
Dodging        | |  1.5
Stealth        | |  3.0
Conjurations   | |  1.0

Action                   |  1- 3 |  4- 6 || total
-------------------------+-------+-------++-------
Melee: Dagger            |    96 |    99 ||   195
       Unarmed           |     7 |       ||     7
Throw: Stone             |     3 |       ||     3
 Cast: Freeze            |    13 |    24 ||    37
       Throw Frost       |     5 |    18 ||    23
       Summon Ice Beast  |       |     1 ||     1
 Abil: Spit Poison       |    11 |    21 ||    32
 Stab: Sleeping          |     3 |     2 ||     5
  Eat: Chunk             |     3 |     6 ||     9
Armor: Robe              |    27 |    24 ||    51
Dodge: Dodged            |    66 |    66 ||   132
